 Dungeon Crawl Stone Soup version 0.23-a0-49-gd9f7a49 (webtiles) character file.

26079 Amnesiac the Geomancer (level 12, -34/74 HPs)
             Began as a Mummy Earth Elementalist on Aug 6, 2018.
             Was a High Priest of Vehumet.
             Hit by a large rock thrown by a stone giant (38 damage)
             ... in a volcano.
             The game lasted 00:26:58 (14743 turns).

Amnesiac the Geomancer (Mummy Earth Elementalist)  Turns: 14743, Time: 00:26:59

Health: -34/74     AC:  9    Str: 11    XL:     12   Next: 95%
Magic:  6/39       EV: 11    Int: 20    God:    Vehumet [*****.]
Gold:   947        SH:  7    Dex: 12    Spells: 14/39 levels left

rFire    x . .     SeeInvis +   a - +1 short sword (drain)
rCold    + . .     Gourm    .   d - +2 buckler
rNeg     + + +     Faith    .   G - +0 troll leather armour
rPois    ∞         Spirit   .   o - +0 helmet
rElec    .         Reflect  .   q - +2 cloak
rCorr    .         Harm     .   z - +0 pair of gloves
MR       +....                  (no boots)
Stlth    +.........             f - amulet of magic regeneration
HPRegen  0.62/turn              n - ring of see invisible
MPRegen  0.51/turn              s - ring of magical power

@: very slightly contaminated
A: no food or potions, fire vulnerability, cold resistance 1, negative energy
resistance 3, torment resistance, unbreathing
a: Renounce Religion


You were in a volcano.
You worshipped Vehumet.
Vehumet was extremely pleased with you.
You were not hungry.

You visited 3 branches of the dungeon, and saw 16 of its levels.
You also visited: Sewer, Ossuary and Volcano.

You collected 947 gold pieces.

Inventory:

Hand Weapons
 a - a +1 short sword of draining (weapon)
 b - a +2 short sword of protection
 c - the +8 war axe of Light {protect, SInv, unknown}
   (You found it on level 9 of the Dungeon)

   It protects the one who uses it against injury (+AC on strike).
   It lets you see invisible.
 e - a +2 short sword of flaming
Missiles
 k - 331 stones (quivered)
Armour
 d - a +2 buckler (worn)
 o - a +0 helmet (worn)
 q - a +2 cloak (worn)
 z - a +0 pair of gloves (worn)
 D - a +1 leather armour of magic resistance
 G - a +0 troll leather armour (worn)
Jewellery
 f - an amulet of magic regeneration (around neck)
 n - a ring of see invisible (left hand)
 s - a ring of magical power (right hand)
 A - an uncursed ring of flight
 I - an uncursed ring of ice {unknown}
Wands
 r - a wand of flame (27)
 u - a wand of random effects (60)
 B - a wand of acid (16)
 C - a wand of iceblast (5)
 E - a wand of enslavement (16)
Scrolls
 g - 10 scrolls of remove curse {!r}
 h - 4 scrolls of magic mapping {!r}
 i - 2 scrolls of enchant weapon {!r}
 l - 6 scrolls of identify {!r}
 m - 3 scrolls of enchant armour {!r}
 p - 2 scrolls of fog {!r, unknown}
 t - 2 scrolls of amnesia {!r}
 v - a scroll of noise {!r, unknown}
 w - 6 scrolls of teleportation {!r}
 x - 3 scrolls of torment {!r, unknown}
 y - 2 scrolls of silence {!r}
 H - a scroll of summoning {!r, unknown}
Miscellaneous
 F - a crystal ball of energy


   Skills:
 - Level 1.5 Dodging
 - Level 1.5 Stealth
 - Level 4.0 Shields
 + Level 14.3 Spellcasting
 - Level 0.7 Transmutations
 * Level 14.4 Earth Magic


You had 14 spell levels left.
You knew the following spells:

 Your Spells              Type           Power        Failure   Level  Hunger
a - Iron Shot             Conj/Erth      #####.....   13%         6    N/A
b - Passwall              Tmut/Erth      #####...     1%          2    N/A
c - Sandblast             Erth           ######       0%          1    N/A
d - Lee's Rapid Deconstr  Erth           ######....   1%          5    N/A
e - Petrify               Tmut/Erth      #####...     2%          4    N/A
f - Leda's Liquefaction   Hex/Erth       #####.....   3%          4    N/A
g - Stone Arrow           Conj/Erth      #####.       1%          3    N/A

Your spell library contained the following spells:

 Spells                   Type           Power        Failure   Level  Hunger
 Cause Fear               Hex            ##........   50%         4    N/A
 Magic Dart               Conj           ##..         1%          1    N/A
 Slow                     Hex            ##......     9%          2    N/A
 Confuse                  Hex            ##......     17%         3    N/A
 Iskenderun's Mystic Bla  Conj           ##......     16%         4    N/A
 Tukima's Dance           Hex            ##......     17%         3    N/A
 Ensorcelled Hibernation  Hex/Ice        ##....       9%          2    N/A
 Corona                   Hex            ##.....      6%          1    N/A
 Portal Projectile        Hex/Tloc       ##....       17%         3    N/A
 Inner Flame              Hex/Fire       ##......     4%          3    N/A
 Fulminant Prism          Conj/Hex       ##........   16%         4    N/A
 Dazzling Spray           Conj/Hex       ##....       4%          3    N/A
 Force Lance              Conj/Tloc      ##......     16%         4    N/A
 Searing Ray              Conj           ##....       2%          2    N/A

Dungeon Overview and Level Annotations

Branches:
Dungeon (13/15)            Temple (1/1) D:4            Lair (0/6) D:10
    Orc (2/2) D:12
    Elf: Orc:2       Vaults: D:13-14

Altars:
Ashenzari
Cheibriados
Dithmenos
Elyvilon
Fedhas
Gozag
Hepliaklqana
Kikubaaqudgha
Makhleb
Nemelex Xobeh
Okawaru
Qazlal
Ru
Sif Muna
Trog
Uskayaw
Vehumet
Wu Jian
Xom
Yredelemnul
Zin
The Shining One

Shops:
D:7 *   Orc:1 *


Innate Abilities, Weirdness & Mutations

You do not eat or drink.
Your flesh is vulnerable to fire.
You are immune to poison.
Your flesh is cold resistant. (rC+)
You are immune to negative energy. (rN+++)
You are immune to unholy pain and torment.
You can survive without breathing.


Message History

The bolt of magma hits you! The lava burns you terribly!
Unknown command.
Casting: Iron Shot (quite dangerous; 13% risk of failure)
Confirm with . or Enter, or press ? or * to list all spells.
Aiming: Iron Shot (quite dangerous; 13% risk of failure)
Press: ? - help, Shift-Dir - straight line, f/p - molten gargoyle
Aim: a molten gargoyle, wielding a mace (almost destroyed)
The iron shot hits the molten gargoyle.
You destroy the molten gargoyle!
Vehumet accepts your kill.
You feel your power returning.
Unknown command.
You start resting.
The stone giant is too close now for your liking.
A stone giant is nearby!
Really read
j - 2 scrolls of fear {!r}?
As you read the scroll of fear {!r}, it crumbles to dust.
You assume a fearsome visage.
The stone giant looks frightened!
You start resting.
The stone giant is too close now for your liking.
Really read
j - a scroll of fear {!r}?
As you read the scroll of fear {!r}, it crumbles to dust.
You assume a fearsome visage.
The stone giant resists with some effort.
The stone giant throws a large rock.
The large rock barely misses you.
Casting: Iron Shot (quite dangerous; 13% risk of failure)
Confirm with . or Enter, or press ? or * to list all spells.
Aiming: Iron Shot (quite dangerous; 13% risk of failure)
Press: ? - help, Shift-Dir - straight line, f - stone giant
Aim: a stone giant The iron shot hits the stone giant.
The stone giant is moderately wounded.
The stone giant throws a large rock.
The large rock hits you!!
* * * LOW HITPOINT WARNING * * *
Unknown command.
Casting: Iron Shot (quite dangerous; 13% risk of failure)
Confirm with . or Enter, or press ? or * to list all spells.
Aiming: Iron Shot (quite dangerous; 13% risk of failure)
Press: ? - help, Shift-Dir - straight line, f/p - stone giant
Aim: a stone giant (moderately wounded)
The iron shot hits the stone giant.
The stone giant is severely wounded.
The stone giant throws a large rock.
The large rock hits you.
* * * LOW HITPOINT WARNING * * *
Unknown command.
Casting: Iron Shot (quite dangerous; 13% risk of failure)
Confirm with . or Enter, or press ? or * to list all spells.
Aiming: Iron Shot (quite dangerous; 13% risk of failure)
Press: ? - help, Shift-Dir - straight line, f/p - stone giant
Aim: a stone giant (severely wounded)
You miscast Iron Shot.
A wave of violent energy washes through your body!
* * * LOW HITPOINT WARNING * * *
Unknown command.
Casting: Iron Shot (quite dangerous; 13% risk of failure)
Confirm with . or Enter, or press ? or * to list all spells.
Aiming: Iron Shot (quite dangerous; 13% risk of failure)
Press: ? - help, Shift-Dir - straight line, f/p - stone giant
Aim: a stone giant (heavily wounded)
The iron shot hits the stone giant.
The stone giant is almost dead.
The stone giant throws a large rock.
The large rock hits you!!!
Ouch! That really hurt!
You die...

##### #...# #### ##.#.### #..#
##.###..### ##..###)##∩###.9##
#....###C....###.#
##.....###....##.#
##....§..###@####.#
#...§§§§...###...9##
##...≈§§§≈.§§.......##
##....§≈≈§≈§§§§§§§....##
###....§≈≈≈≈≈§§§§≈§≈≈....####
#.....§§§≈§≈§§§§§§§≈≈≈.§..#.#
.....≈≈§≈≈§≈§≈§≈§≈§≈≈≈§§....#
...§§≈≈§≈§§≈≈≈≈§≈§≈§§§≈§....##
...§≈§§§≈≈§§§≈≈§§§§≈≈≈≈≈.....#


You could see a stone giant.

Vanquished Creatures
  The ghost of biddum the Basher, a journeyman MiFi of Okawaru (D:12)
  Harold (D:11)
  3 hydras
  2 centaur warriors
  2 two-headed ogres
  The ghost of iamserjio the Covert, a novice OpBe of Trog (D:9)
  2 ugly things
  An orc sorcerer (Orc:1)
  2 cyclopes
  A manticore (D:13)
  A centaur zombie (D:13)
  A moth of wrath (D:4)
  2 gargoyles
  A molten gargoyle (Volcano)
  A komodo dragon (D:13)
  2 trolls
  A merfolk (D:12)
  2 hornets (D:11)
  4 slime creatures (D:12)
  6 hippogriffs
  A meliai zombie (D:13)
  A shadow (D:11)
  A wraith (Ossuary)
  A spriggan (D:12)
  7 fire bats (Volcano)
  8 yaks (D:12)
  A human (D:12)
  A fire elemental (Volcano)
  4 vampire mosquitoes (D:13)
  The ghost of Oddysee the Chopper, an amateur TeBe of Trog (D:3)
  A soldier ant (D:10)
  3 water moccasins
  7 orc warriors
  5 ice beasts
  4 sky beasts
  2 black bears
  7 ogres
  2 phantoms
  14 centaurs
  9 bullfrogs
  A gnoll sergeant (D:6)
  An elf zombie (Ossuary)
  An earth elemental (Volcano)
  4 scorpions
  A water moccasin skeleton (D:4)
  25 killer bees
  10 wights
  3 howler monkeys
  5 crimson imps
  4 hounds
  7 lava snakes (Volcano)
  A human zombie (Ossuary)
  7 orc priests
  5 jellies
  2 bullfrog skeletons
  Ijyb (D:6)
  Natasha (twice) (D:2)
  6 iguanas
  14 orc wizards
  12 worker ants
  A hound skeleton (D:7)
  4 mummies
  A howler monkey zombie (D:5)
  A howler monkey skeleton (D:11)
  7 gnolls
  8 adders
  3 shadow imps
  10 oozes (D:2)
  3 worms
  3 dart slugs
  10 leopard geckos
  45 orcs
  12 giant cockroaches
  8 hobgoblins
  6 jackals
  18 kobolds
  6 quokkas
  6 ball pythons
  10 bats
  7 frilled lizards
  6 goblins
  5 goblin zombies (Ossuary)
  4 hobgoblin zombies (Ossuary)
  A kobold zombie (Ossuary)
  17 rats
431 creatures vanquished.

Vanquished Creatures (others)
  A kobold (D:12)
  5 fungi (D:2)
  2 plants (D:9)
  3 toadstools (D:2)
11 creatures vanquished.

Grand Total: 442 creatures vanquished

Notes
Turn   | Place    | Note
-------+----------+-------------------------------------------
     0 | D:1      | Amnesiac the Mummy Earth Elementalist began the quest for the Orb.
     0 | D:1      | Reached XP level 1. HP: 13/13 MP: 4/4
   166 | D:2      | Reached XP level 2. HP: 19/19 MP: 1/5
   176 | D:2      | Learned a level 2 spell: Passwall
   434 | D:4      | Noticed an ogre
   454 | D:3      | Noticed Ijyb
   792 | D:2      | Reached XP level 3. HP: 23/24 MP: 7/7
   797 | D:2      | Learned a level 3 spell: Stone Arrow
   970 | D:3      | Reached skill level 1 in Shields
  1057 | D:3      | HP: 1/24 [orc wizard/magic dart (4)]
  1060 | D:3      | Reached XP level 4. HP: 1/30 MP: 6/9
  1341 | D:3      | Found a runed door.
  1597 | D:4      | Reached XP level 5. HP: 15/35 MP: 4/10
  1839 | D:4      | Found a sacrificial altar of Ru.
  1864 | D:4      | Learned a level 4 spell: Petrify
  1882 | D:4      | Noticed a moth of wrath
  1885 | D:4      | Found a bloodstained altar of Trog.
  1926 | D:4      | Noticed a phantom
  1932 | D:5      | Entered Level 5 of the Dungeon
  2153 | D:4      | Reached XP level 6. HP: 41/41 MP: 8/12
  2452 | D:4      | Found a white marble altar of Elyvilon.
  2735 | D:4      | Reached skill level 5 in Spellcasting
  2735 | D:4      | Reached skill level 5 in Earth Magic
  2735 | D:4      | Reached XP level 7. HP: 40/46 MP: 9/14
  2942 | D:4      | Found a staircase to the Ecumenical Temple.
  2954 | Temple   | Entered the Ecumenical Temple
  3189 | Temple   | Became a worshipper of Vehumet
  4039 | D:2      | Noticed Natasha
  4054 | D:2      | Killed Natasha
  4098 | D:2      | Reached * piety under Vehumet
  4098 | D:2      | Offered knowledge of Shock by Vehumet.
  4128 | D:2      | Found a shadowy altar of Dithmenos.
  4307 | D:2      | Noticed Natasha
  4313 | D:2      | Killed Natasha
  4679 | D:3      | Found a shimmering altar of Xom.
  4869 | D:3      | Reached ** piety under Vehumet
  4869 | D:3      | Offered knowledge of Sting by Vehumet.
  5022 | D:3      | Noticed Oddysee's ghost (amateur TeBe)
  5030 | D:3      | Learned a level 5 spell: Lee's Rapid Deconstruction
  5075 | D:3      | Killed Oddysee's ghost
  5185 | D:4      | Reached XP level 8. HP: 44/52 MP: 0/17
  5485 | D:4      | Killed a moth of wrath
  5874 | D:6      | Offered knowledge of Throw Frost by Vehumet.
  5902 | D:6      | Reached XP level 9. HP: 18/57 MP: 6/20
  5951 | D:6      | Reached *** piety under Vehumet
  5953 | D:6      | Found a glowing drain.
  5957 | Sewer    | Entered a sewer
  6063 | Sewer    | Offered knowledge of Dazzling Spray by Vehumet.
  6599 | D:6      | Found a stormy altar of Qazlal.
  6827 | D:6      | Killed Ijyb
  6971 | D:6      | Found a glowing golden altar of the Shining One.
  7001 | D:6      | Got an encrusted hand axe
  7443 | D:7      | Reached **** piety under Vehumet
  7450 | D:7      | Found a sand-covered staircase.
  7478 | Ossuary  | Entered an ossuary
  7532 | Ossuary  | Offered knowledge of Venom Bolt by Vehumet.
  7949 | D:7      | Found a snail-covered altar of Cheibriados.
  7966 | D:7      | Found Eblylok's Wicked Wares.
  7969 | D:7      | Found a basalt altar of Yredelemnul.
  7991 | D:7      | Reached XP level 10. HP: 60/63 MP: 5/23
  8297 | D:7      | Identified the +5 hand axe "Giantbane" {drain, *Contam rN++} (You found it on level 6 of the Dungeon)
  8522 | D:8      | Reached skill level 10 in Earth Magic
  8678 | D:8      | Reached skill level 10 in Spellcasting
  9053 | D:9      | Found a runed gate.
  9053 | D:9      | Noticed a nine-headed hydra
  9054 | D:9      | Found a runed gate.
  9054 | D:9      | Found a runed gate.
  9054 | D:9      | Noticed a ten-headed hydra
  9054 | D:9      | Noticed iamserjio's ghost (novice OpBe)
  9076 | D:9      | Reached ***** piety under Vehumet
  9077 | D:9      | Offered knowledge of Iskenderun's Mystic Blast by Vehumet.
  9784 | D:9      | Killed iamserjio's ghost
  9789 | D:9      | Killed a ten-headed hydra
 10050 | D:9      | Got a faintly glowing war axe
 10103 | D:9      | Killed a nine-headed hydra
 10103 | D:9      | Reached XP level 11. HP: 68/68 MP: 17/26
 10116 | D:10     | Entered Level 10 of the Dungeon
 10251 | D:10     | Found a staircase to the Lair.
 10901 | D:11     | Noticed a red ugly thing
 10907 | D:11     | Killed a red ugly thing
 11114 | D:11     | Noticed a two-headed ogre
 11124 | D:11     | Killed a two-headed ogre
 11322 | D:11     | Learned a level 4 spell: Leda's Liquefaction
 11507 | D:11     | Noticed Harold
 11515 | D:11     | Killed Harold
 12120 | D:12     | Found a staircase to the Orcish Mines.
 12255 | D:12     | Noticed an eight-headed hydra
 12268 | D:12     | Killed an eight-headed hydra
 12389 | D:12     | Offered knowledge of Iron Shot by Vehumet.
 12397 | D:12     | Learned a level 6 spell: Iron Shot
 12433 | D:12     | Reached XP level 12. HP: 74/74 MP: 26/28
 12435 | D:12     | Noticed a centaur warrior
 12438 | D:12     | Killed a centaur warrior
 12754 | D:12     | Found a large runed door.
 12754 | D:12     | Found a large runed door.
 12754 | D:12     | Noticed biddum's ghost (journeyman MiFi)
 12865 | D:12     | Killed biddum's ghost
 13209 | D:13     | Noticed a centaur warrior
 13229 | D:13     | Killed a centaur warrior
 13369 | D:13     | Noticed a two-headed ogre
 13372 | D:13     | Killed a two-headed ogre
 13993 | Orc:1    | Entered Level 1 of the Orcish Mines
 14062 | Orc:1    | Found Feydiwif's Assorted Antiques.
 14152 | Orc:2    | Entered Level 2 of the Orcish Mines
 14183 | Orc:1    | Found a dark tunnel.
 14217 | Volcano  | Entered a volcano
 14681 | Volcano  | Noticed a stone giant
 14742 | Volcano  | HP: 3/74 [something (7)]
 14743 | Volcano  | Hit by a large rock thrown by a stone giant

Vault maps used:
D:1:      minmay_arrival_split_and_join
D:2:      cheibrodos_fertilizer, grunt_dithmenos_smoke, uniq_natasha
D:3:      tgw_xom, ebering_ghost_reflecting_pool, first_ration, uniq_ijyb
D:4:      tgw_trog, kennysheep_mini_moat, elyvilon_altar_5,
          minmay_temple_entry_fiery
D:6:      nicolae_tso_carved_into_rock, gup_sewer_entry_bowl,
          grunt_qazlal_sundering
D:7:      slow_altar_1, nicolae_ossuary_entry_monument, nicolae_evil_shop
D:9:      gammafunk_ghost_hydra_chop
D:10:     lair_entry_dummy
D:11:     uniq_harold
D:12:     david_orc_3, ebering_ghost_disaster_area, hangedman_stone_soup
Temple:   regret_index_temple_generic_petals
Orc:1:    basic_altar, serial_shops, shop, nicolae_volcano_entry_two_sided
Orc:2:    st_orc_elflike
Sewer:    sewer_frog_island_01
Ossuary:  ossuary_kennysheep_city_of_the_dead
Volcano:  volcano_grotto

Skill      XL: |  1  2  3  4  5  6  7  8  9 10 11 12 |
---------------+-------------------------------------+-----
Spellcasting   | 3 4 5 6 7 9 11 12 14 | 14.3
Earth Magic    | 3 4 5 6 7 9 11 13 14 | 14.4
Shields        | 1 2 3 4 |  4.0
Dodging        | |  1.5
Stealth        | |  1.5
Transmutations | |  0.7

Action                   |  1- 3 |  4- 6 |  7- 9 | 10-12 || total
-------------------------+-------+-------+-------+-------++-------
Melee: Short sword       |    52 |    75 |   111 |    38 ||   276
Throw: Stone             |       |       |       |     1 ||     1
 Cast: Sandblast         |    10 |    53 |    53 |     2 ||   118
       Passwall          |     3 |     1 |     1 |     1 ||     6
       Stone Arrow       |       |     1 |   219 |    29 ||   249
       Lee's Rapid Decon |       |       |    11 |   251 ||   262
       Petrify           |       |       |       |    31 ||    31
       Iron Shot         |       |       |       |    15 ||    15
Evoke: Wand              |       |       |       |     5 ||     5
  Use: Scroll            |     2 |       |       |    15 ||    17
 Stab: Sleeping          |     1 |     1 |     2 |       ||     4
Armor: Robe              |     9 |    10 |    25 |       ||    44
       Leather armour    |       |       |       |    18 ||    18
       Troll leather arm |       |       |       |     6 ||     6
Dodge: Dodged            |    37 |    49 |    90 |    40 ||   216
Block: Buckler           |    11 |    27 |    57 |    46 ||   141

Table legend:
 A = Spawn XP
 B = Non-spawn XP
 C = Spawn XP percentage of total XP
 D = Spawn monster count
 E = Non-spawn monster count
 F = Spawn count percentage of total count
 G = Total turns spent on level
                    A         B        C        D         E        F      G
               +---------+---------+-------+---------+---------+-------+---------
         Total |       0 |   37256 |   0.0 |       0 |     431 |   0.0 | 14743
               +---------+---------+-------+---------+---------+-------+---------
           D:1 |       0 |      29 |   0.0 |       0 |      17 |   0.0 |   829
           D:2 |       0 |     332 |   0.0 |       0 |      44 |   0.0 |  1003
           D:3 |       0 |     320 |   0.0 |       0 |      34 |   0.0 |  1611
           D:4 |       0 |    1253 |   0.0 |       0 |      38 |   0.0 |  1610
           D:5 |       0 |     552 |   0.0 |       0 |      20 |   0.0 |   561
           D:6 |       0 |    1259 |   0.0 |       0 |      26 |   0.0 |   820
           D:7 |       0 |    1160 |   0.0 |       0 |      19 |   0.0 |   749
           D:8 |       0 |    1511 |   0.0 |       0 |      25 |   0.0 |   717
           D:9 |       0 |    4484 |   0.0 |       0 |      26 |   0.0 |  1073
          D:10 |       0 |     861 |   0.0 |       0 |      12 |   0.0 |   698
          D:11 |       0 |    6117 |   0.0 |       0 |      39 |   0.0 |  1199
          D:12 |       0 |    8074 |   0.0 |       0 |      35 |   0.0 |   939
          D:13 |       0 |    5764 |   0.0 |       0 |      22 |   0.0 |  1043
         Orc:1 |       0 |    2094 |   0.0 |       0 |      20 |   0.0 |   213
         Sewer |       0 |     233 |   0.0 |       0 |      20 |   0.0 |   536
       Ossuary |       0 |     422 |   0.0 |       0 |      16 |   0.0 |   354
       Volcano |       0 |    2791 |   0.0 |       0 |      18 |   0.0 |   526
               +---------+---------+-------+---------+---------+-------+---------
